 Dungeon Crawl Stone Soup version 0.27-a0-1256-gced786f65e (webtiles) character file.

Game seed: 4001949362041706363

10301 pkoi the Carver (level 11, -11/95 HPs)
             Began as a Minotaur Gladiator on June 10, 2021.
             Was a Priest of Dithmenos.
             Mangled by a skeletal warrior
             ... wielding a +0 war axe
             ... led by a skeletal warrior
              (15 damage)
             ... on level 11 of the Dungeon.
             The game lasted 00:14:38 (12060 turns).

pkoi the Carver (Minotaur Gladiator)               Turns: 12060, Time: 00:14:39

Health: -11/95     AC: 17    Str: 22    XL:     11   Next: 34%
Magic:  0/23       EV:  9    Int:  2    God:    Dithmenos [***...]
Gold:   817        SH:  0    Dex: 10    Spells: 10/10 levels left

rFire    + + +     SeeInvis .   v - +1 scimitar (spect)
rCold    . . .     Faith    .   (no shield)
rNeg     . . .     Spirit   +   M - +0 plate armour
rPois    .         Reflect  .   c - +1 hat
rElec    .         Harm     .   h - +0 cloak
rCorr    +         Rampage  .   (no gloves)
Will     .....                  D - +0 pair of boots
Stlth    ..........             G - amulet of guardian spirit
HPRegen  0.25/turn              e - +4 ring of slaying
MPRegen  0.18/turn              t - ring of Xenymu {rF+++ rCorr MP+9 Int-3 Dex-2}

@: wreathed by umbra
A: horns 2, retaliatory headbutt
a: Renounce Religion, Shadow Step


You were on level 11 of the Dungeon.
You worshipped Dithmenos.
Dithmenos was most pleased with you.
You visited 2 branches of the dungeon, and saw 12 of its levels.
You also visited: Sewer.

You collected 817 gold pieces.

Inventory:

Hand Weapons
 a - a +0 long sword
 r - a +0 dagger of venom
 v - a +1 spectral scimitar (weapon)
Missiles
 d - 20 poisoned darts (quivered)
 o - 5 throwing nets
 x - 6 silver javelins
 y - 4 boomerangs of dispersal
 K - a curare-tipped dart
Armour
 c - a +1 hat (worn)
 h - a +0 cloak (worn)
 w - a +0 troll leather armour {Purgy}
 A - a +2 robe of resistance
 D - a +0 pair of boots (worn)
 M - a +0 plate armour (worn)
Jewellery
 e - a +4 ring of slaying (left hand)
 k - a ring of willpower
 p - a ring of protection from cold
 q - a ring of see invisible
 t - the ring of Xenymu (right hand) {rF+++ rCorr MP+9 Int-3 Dex-2}
   (You found it on level 8 of the Dungeon)

   [ring of magical power]

   It affects your intelligence (-3).
   It affects your dexterity (-2).
   It renders you almost immune to fire.
   It affects your magic capacity (+9).
   It protects you from acid and corrosion.
 C - a ring of resist corrosion
 G - an amulet of guardian spirit (around neck)
 I - a ring of magical power
Wands
 n - a wand of polymorph (14)
 E - a wand of flame (14)
 H - a wand of iceblast (8)
Scrolls
 i - 11 scrolls of identify
 j - 2 scrolls of summoning
 l - 5 scrolls of teleportation
 m - 4 scrolls of fear
 u - a scroll of blinking
 z - a scroll of magic mapping
 B - 2 scrolls of enchant armour
 F - a scroll of fog
 N - 2 scrolls of amnesia
Potions
 b - a potion of magic
 f - a potion of mutation
 g - a potion of heal wounds
 s - a potion of curing
 J - a potion of invisibility
 L - 2 potions of resistance {unknown}


   Skills:
 + Level 8.3 Fighting
 * Level 13.4 Long Blades
 - Level 2.0 Throwing
 + Level 7.7 Armour
 + Level 8.0 Dodging
 + Level 4.7 Stealth
 + Level 5.9 Invocations


You had 10 spell levels left.
You didn't know any spells.
Your spell library contained the following spells:

 Spells                   Type           Power      Damage    Failure   Level
 Animate Skeleton         Necr           0%         N/A       100%        1
 Apportation              Tloc           0%         N/A       100%        1
 Corona                   Hex            0%         N/A       100%        1
 Pain                     Necr           0%         1d4       100%        1
 Sting                    Tmut/Pois      0%         1d3       100%        1
 Ensorcelled Hibernation  Hex/Ice        0%         N/A       100%        2
 Poisonous Vapours        Pois/Air       0%         N/A       100%        2
 Confusing Touch          Hex            0%         N/A       100%        3
 Dazzling Flash           Conj/Hex       0%         N/A       100%        3
 Ignite Poison            Fire/Tmut/Pois 0%         N/A       100%        3
 Lesser Beckoning         Tloc           0%         N/A       100%        3
 Mephitic Cloud           Conj/Pois/Air  0%         N/A       100%        3
 Tukima's Dance           Hex            0%         N/A       100%        3
 Vampiric Draining        Necr           0%         2d6       100%        3
 Animate Dead             Necr           0%         N/A       100%        4
 Olgreb's Toxic Radiance  Pois           0%         N/A       100%        4
 Agony                    Necr           0%         N/A       100%        5
 Alistair's Intoxication  Tmut/Pois      0%         N/A       100%        5
 Invisibility             Hex            0%         N/A       100%        6


Dungeon Overview and Level Annotations

Branches:
Dungeon (11/15)            Temple (1/1) D:4            Lair (0/6) D:11
  Sewer (visited)
    Orc: D:9-12

Altars:
Ashenzari
Cheibriados
Dithmenos
Elyvilon
Fedhas
Gozag
Hepliaklqana
Kikubaaqudgha
Makhleb
Nemelex Xobeh
Okawaru
Qazlal
Ru
Sif Muna
Trog
Uskayaw
Vehumet
Wu Jian
Xom
Yredelemnul
Zin
The Shining One


Innate Abilities, Weirdness & Mutations

You have a pair of horns on your head.
You reflexively headbutt those who attack you in melee.


Message History

You hit the skeletal warrior.
The skeletal warrior is almost destroyed.
The skeletal warrior hits you with a +0 war axe.
You hit the skeletal warrior but do no damage.
You headbutt the skeletal warrior, but do no damage.
The skeletal warrior is almost destroyed.
The skeletal warrior hits you with a +0 war axe!
You slice the skeletal warrior!!
You destroy the skeletal warrior!
Dithmenos accepts your kill.
Your Dodging skill increases to level 8!
A skeletal warrior comes into view. It is wielding a +0 halberd.
The skeletal warrior hits you with a +0 war axe!
You see here a +0 war axe.
You hit the skeletal warrior.
The skeletal warrior is heavily damaged.
The skeletal warrior hits you with a +0 war axe!
You closely miss the skeletal warrior. You headbutt the skeletal warrior.
The skeletal warrior is heavily damaged.
The skeletal warrior hits you with a +0 war axe!
* * * LOW HITPOINT WARNING * * *
You hit the skeletal warrior.
The skeletal warrior is heavily damaged.
The skeletal warrior hits you but does no damage.
You slash the skeletal warrior!
The skeletal warrior is severely damaged.
You closely miss the skeletal warrior. You headbutt the skeletal warrior.
The skeletal warrior is severely damaged.
The skeletal warrior hits you with a +0 war axe!
* * * LOW HITPOINT WARNING * * *
You slash the skeletal warrior!
You headbutt the skeletal warrior, but do no damage.
The skeletal warrior is almost destroyed.
The skeletal warrior barely misses you.
You hit the skeletal warrior but do no damage.
The skeletal warrior is almost destroyed.
The skeletal warrior hits you from afar with a +0 halberd!
* * * LOW HITPOINT WARNING * * *
The skeletal warrior hits you with a +0 war axe!
You die...

#...# #.#.# #.#.#
#.#.# #.#.# #.#.#
#......# #.#.#
#......# #.#.#
#......#
#@#.######......#
#z#.#...........#
#z#.#...........#
#.#.#...........#
#.#...........####
#.###....###......
... #....# #......
... ###.####......
#>..........


You could see 2 skeletal warriors.

Vanquished Creatures
  A two-headed ogre (D:8)
  A skeletal warrior (D:11)
  Pikel (D:7)
  Psyche (D:8)
  An unseen horror (D:10)
  A troll (D:10)
  A hornet (D:8)
  A shadow (D:10)
  A vampire (D:11)
  A wyvern (D:10)
  4 yaks
  A steam dragon (D:9)
  2 water moccasins
  An ice beast (D:6)
  4 sky beasts
  Purgy (Sewer)
  7 orc warriors
  4 necrophages
  5 ogres
  2 black bears
  2 centaurs (D:10)
  A lemure (D:7)
  3 phantoms
  2 kobold brigands
  Blork the orc (D:6)
  3 bullfrogs
  A scorpion (D:4)
  A water moccasin zombie (D:5)
  3 killer bees (D:8)
  13 wights
  9 howler monkeys
  2 electric eels (D:8)
  A bullfrog zombie (D:5)
  7 centaur zombies
  6 orc priests
  2 centaur skeletons (D:5)
  4 hounds
  2 bullfrog skeletons
  2 iguanas
  11 orc wizards
  A howler monkey zombie (D:5)
  4 gnolls (D:4)
  8 adders
  A shadow imp (D:6)
  A white imp (D:7)
  An ufetubus (D:5)
  A worm (D:2)
  2 dart slugs
  70 orcs
  8 ball pythons
  10 bats
  6 endoplasms
  A giant cockroach (D:3)
  5 hobgoblins
  6 jackals
  8 quokkas
  2 frilled lizards
  3 goblins
  15 kobolds
  5 rats
  A spectral goblin (D:9)
276 creatures vanquished.

Vanquished Creatures (others)
  15 plants (D:8)
15 creatures vanquished.

Grand Total: 291 creatures vanquished

Notes
Turn   | Place    | Note
-------+----------+-------------------------------------------
     0 | D:1      | pkoi the Minotaur Gladiator began the quest for the Orb.
     0 | D:1      | Reached XP level 1. HP: 18/18 MP: 0/0
   176 | D:1      | Reached skill level 4 in Long Blades
   212 | D:1      | Reached XP level 2. HP: 24/25 MP: 1/1
   912 | D:2      | Reached skill level 5 in Long Blades
   920 | D:2      | Reached XP level 3. HP: 25/30 MP: 2/2
  1585 | D:3      | Found a faded altar of an unknown god.
  1669 | D:3      | Reached skill level 6 in Long Blades
  1669 | D:3      | Reached XP level 4. HP: 37/37 MP: 3/3
  2055 | D:3      | Found a stormy altar of Qazlal.
  2055 | D:3      | Found a bloodstained altar of Trog.
  2500 | D:4      | Noticed a scorpion
  2510 | D:4      | Killed a scorpion
  2511 | D:4      | Reached skill level 7 in Long Blades
  2511 | D:4      | Reached XP level 5. HP: 22/42 MP: 4/4
  2780 | D:4      | Noticed a necrophage
  2786 | D:4      | Killed a necrophage
  2787 | D:4      | Reached skill level 8 in Long Blades
  2787 | D:4      | Reached XP level 6. HP: 47/50 MP: 5/5
  2857 | D:4      | Reached skill level 1 in Armour
  3256 | D:4      | Found a radiant altar of Vehumet.
  3288 | D:4      | Reached XP level 7. HP: 53/57 MP: 6/6
  3329 | D:4      | Reached skill level 9 in Long Blades
  3832 | D:4      | Found a staircase to the Ecumenical Temple.
  3841 | Temple   | Entered the Ecumenical Temple
  4098 | Temple   | Became a worshipper of Dithmenos the Shadowed
  4339 | D:5      | Entered Level 5 of the Dungeon
  4384 | D:5      | Reached skill level 1 in Invocations
  4492 | D:5      | Reached XP level 8. HP: 63/66 MP: 6/8
  4512 | D:5      | Identified the +0 leather armour "Xaage" {rF+}
  5042 | D:5      | Reached skill level 10 in Long Blades
  5042 | D:5      | Reached skill level 5 in Dodging
  5286 | D:5      | Reached skill level 5 in Fighting
  5401 | D:5      | Reached * piety under Dithmenos
  5617 | D:6      | Reached skill level 1 in Stealth
  5620 | D:6      | Reached XP level 9. HP: 14/74 MP: 10/10
  5938 | D:6      | Found a glowing drain.
  5949 | Sewer    | Entered a sewer
  6006 | Sewer    | Noticed Purgy
  6012 | Sewer    | Killed Purgy
  6321 | D:6      | Found a shimmering altar of Xom.
  6321 | D:6      | Found a shimmering blue altar of Sif Muna.
  6322 | D:6      | Found a white marble altar of Elyvilon.
  6382 | D:6      | Reached skill level 11 in Long Blades
  6388 | D:6      | Reached skill level 5 in Armour
  6459 | D:6      | Noticed Blork the orc
  6464 | D:6      | Killed Blork the orc
  6731 | D:7      | Noticed Pikel
  6750 | D:7      | Killed Pikel
  6848 | D:7      | Reached ** piety under Dithmenos
  7251 | D:7      | Found a burning altar of Makhleb.
  7252 | D:7      | Found an iron altar of Okawaru.
  8115 | D:8      | Identified the ring of Xenymu {rF+++ rCorr MP+9 Int-3
                  | Dex-2}
  8125 | D:8      | Reached XP level 10. HP: 41/84 MP: 12/12
  8450 | D:8      | Noticed Psyche
  8464 | D:8      | Killed Psyche
  8465 | D:8      | Reached skill level 12 in Long Blades
  8617 | D:8      | Found an opulent altar of Gozag.
  8772 | D:8      | Noticed a two-headed ogre
  8782 | D:8      | Killed a two-headed ogre
  9385 | D:9      | Found a glowing golden altar of the Shining One.
  9442 | D:9      | Reached skill level 5 in Invocations
  9501 | D:9      | Found a hazy altar of Hepliaklqana.
 10217 | D:10     | Entered Level 10 of the Dungeon
 10916 | D:10     | Reached *** piety under Dithmenos
 11178 | D:10     | Reached XP level 11. HP: 90/94 MP: 14/14
 11240 | D:10     | Reached skill level 13 in Long Blades
 11612 | D:11     | Noticed a brown ugly thing
 11691 | D:11     | Found a staircase to the Lair.
 12030 | D:11     | Noticed a skeletal warrior
 12033 | D:11     | Noticed a skeletal warrior
 12052 | D:11     | Killed a skeletal warrior
 12053 | D:11     | Noticed a skeletal warrior
 12060 | D:11     | HP: 4/95 [skeletal warrior/+0 halberd[a skeletal warrior]
                  | (10)]
 12060 | D:11     | Mangled by a skeletal warrior

Illustrated notes

Levels and vault maps discovered:
D:1:      wander_arrival_peaceful_grave, layout_loops_ring
D:2:      layout_loops_ring
D:3:      layout_basic, jmf_multi_god_temple,
          hellmonk_ecumenical_altar_arch_garden
D:4:      cheibrodos_pilgrimage, layout_basic, lemuel_doored_altar,
          minmay_temple_entry_fiery, minmay_misc_feat_four_crosses
D:5:      layout_loops_cross
D:6:      layout_rooms, grunt_temple_overflow_open, portal_sewer_entry_d,
          chequers_decorated_corner, uniq_blork_the_orc
D:7:      layout_cave_pools, minitemple, uniq_pikel
D:8:      layout_basic, general_overflow_altar, serial_bayou,
          serial_bayou_crossing, serial_bayou_pond_a, serial_bayou_ford_a,
          serial_bayou_pond_c, uniq_psyche
D:9:      layout_irregular_city, nicolae_hepliaklqana_monster_ancestors,
          lemuel_round_altar
D:10:     layout_cave_pools, special_room [special_room_orc], serial_rivers,
          chequers_serial_rivers_room_b, chequers_serial_rivers_room_a,
          chequers_serial_rivers_micro_e, chequers_serial_rivers_small_b,
          chequers_serial_rivers_small_a, chequers_serial_rivers_marsh,
          kennysheep_generic_room_2
D:11:     layout_basic, lair_entry_dummy
Temple:   minmay_temple_curvy_loop

Skill      XL: |  1  2  3  4  5  6  7  8  9 10 11 |
---------------+----------------------------------+-----
Long Blades    | 4 5 6 7 8 9 10 11 12 13 | 13.4
Armour         | 1 3 4 6 7 |  7.7
Fighting       | 3 4 5 6 7 8 |  8.3
Dodging        | 4 5 6 7 8 |  8.0
Invocations    | 1 3 4 5 |  5.9
Stealth        | 1 3 4 |  4.7
Throwing       | |  2.0

Action                   |  1- 3 |  4- 6 |  7- 9 | 10-12 || total
-------------------------+-------+-------+-------+-------++-------
Melee: Long sword        |    54 |    88 |    97 |       ||   239
       Headbutt          |     8 |    11 |    51 |    47 ||   117
       Scimitar          |       |       |   114 |   181 ||   295
Throw: Dart              |       |       |       |    13 ||    13
       Throwing net      |       |       |       |     1 ||     1
  Use: Scroll            |     4 |     2 |     7 |     3 ||    16
       Potion            |       |     1 |     8 |     1 ||    10
 Stab: Sleeping          |     1 |       |       |     1 ||     2
       Distracted        |       |       |     1 |       ||     1
Armor: Leather armour    |    19 |    14 |       |       ||    33
       Chain mail        |       |    22 |    51 |       ||    73
       Robe              |       |       |     7 |    33 ||    40
       Troll leather arm |       |       |     4 |       ||     4
       Plate armour      |       |       |       |     7 ||     7
Dodge: Dodged            |    32 |    39 |   120 |   101 ||   292
       Rpst.: Long sword |     8 |     6 |    11 |       ||    25
       Scimitar          |       |       |    23 |    16 ||    39

Table legend: (Time is in decaauts)
 A = Elapsed time spent in this place.
 B = Non-inter-level travel time spent in this place.
 C = Inter-level travel time spent in this place.
 D = Time resting spent in this place.
 E = Time spent auto-exploring this place.
 F = Levels seen in this place.
 G = Mean time per level.
                   A        B        C        D        E       F      G
               +--------+--------+--------+--------+--------+-----+--------+
         Total |  12035 |  11604 |    431 |   2008 |   7879 |  13 |  925.8 |
       Dungeon |  11587 |  11220 |    367 |   2008 |   7587 |  11 | 1053.4 |
        Temple |    280 |    216 |     64 |      0 |    204 |   1 |  280.0 |
         Sewer |    166 |    166 |      0 |      0 |     87 |   1 |  166.0 |
               +--------+--------+--------+--------+--------+-----+--------+

Top non-repeatable levels by time:
     D:4: 1647 daAuts
     D:8: 1399 daAuts
     D:9: 1379 daAuts
     D:5: 1368 daAuts
    D:10: 1192 daAuts
     D:7: 1048 daAuts
     D:3: 883 daAuts
     D:2: 842 daAuts
     D:1: 733 daAuts
     D:6: 675 daAuts
    D:11: 419 daAuts
  Temple: 280 daAuts
   Sewer: 166 daAuts
